 Dungeon Crawl Stone Soup version 0.28-a0-697-g47f3eba078 (webtiles) character file.

Game seed: 7333090974865689058

123 ytrimaz the Shield-Bearer (level 5, -2/42 HPs)
             Began as a Formicid Fighter on Oct 23, 2021.
             Slain by a kobold brigand (3 damage)
             ... in a sewer.
             The game lasted 00:03:31 (2984 turns).

ytrimaz the Shield-Bearer (Formicid Fighter)        Turns: 2984, Time: 00:03:31

Health: -2/42      AC:  7    Str: 22    XL:     5   Next: 28%
Magic:  5/5        EV:  9    Int:  7    God:
Gold:   64         SH:  4    Dex: 10    Spells: 4/4 levels left

rFire   . . .      SeeInvis +   a - +0 war axe
rCold   . . .      Faith    .   c - +0 buckler
rNeg    . . .      Spirit   .   b - +0 scale mail
rPois   .          Reflect  .   (helmet unavailable)
rElec   .          Harm     .   (no cloak)
rCorr   .          Rampage  .   (no gloves)
Will    .....                   (no boots)
Stlth   ..........              (no amulet)
HPRegen 0.14/turn               (no ring)
MPRegen 0.09/turn               (no ring)

@: mighty
A: permanent stasis, dig shafts and tunnels, antennae 3, four strong arms
a: Dig


You were in a sewer.
You visited 1 branch of the dungeon, and saw 3 of its levels.
You also visited: Sewer.

You collected 64 gold pieces.

Inventory:

Hand Weapons
 a - a +0 war axe (weapon)
Armour
 b - a +0 scale mail (worn)
 c - a +0 buckler (worn)
Scrolls
 i - a scroll of enchant armour {unknown}
Potions
 e - a potion of curing
 g - a potion of brilliance {unknown}
 h - a potion of haste
 j - a potion of cancellation {unknown}
 k - a potion of mutation {unknown}


   Skills:
 + Level 4.0 Fighting
 + Level 3.4 Axes
 + Level 4.2 Armour
 + Level 4.3 Shields


You had 4 spell levels left.
You didn't know any spells.
Your spell library was empty.

Dungeon Overview and Level Annotations

Branches:
Dungeon (3/15)              Sewer (1/1)

Altars:
Dithmenos

Shops:
D:3 =


Innate Abilities, Weirdness & Mutations

You cannot be hasted, slowed, berserked, paralysed or teleported.
You can dig through walls and to a lower floor.
You have a pair of large antennae on your head. (SInv)
Your four strong arms can wield two-handed weapons with a shield.


Message History

The kobold brigand hits you with a +0 club.
* * * LOW HITPOINT WARNING * * *
The kobold hits you but does no damage. The kobold brigand closely misses you.
Unknown command.
Your unstable footing causes you to fumble your attack.
The kobold hits you but does no damage.
The kobold brigand completely misses you.
You block the kobold's attack.
Unknown command.
You closely miss the kobold brigand.
The kobold brigand is moderately wounded.
You barely miss the kobold.
The kobold brigand hits you but does no damage.
The kobold hits you but does no damage.
Unknown command.
You closely miss the kobold brigand.
The kobold brigand is moderately wounded.
You hit the kobold. The kobold brigand barely misses you.
The kobold barely misses you.
The kobold brigand hits you with a +0 club.
* * * LOW HITPOINT WARNING * * *
Unknown command.
You closely miss the kobold brigand.
The kobold brigand is moderately wounded.
You slash the kobold!
You kill the kobold!
You block the kobold brigand's attack.
Unknown command.
Your unstable footing causes you to fumble your attack.
The kobold brigand hits you but does no damage.
The kobold brigand hits you with a +0 club.
* * * LOW HITPOINT WARNING * * *
Things that are here:
a +0 hand crossbow; 7 bolts Unknown command.
You barely miss the kobold brigand.
The kobold brigand is moderately wounded.
The kobold brigand barely misses you.
The kobold brigand hits you with a +0 club.
You die...

### #∩# ############
## ###.###..≈...≈...#
.##
#......≈.≈.≈≈≈≈≈.#...#
≈≈≈≈≈≈≈≈≈≈≈≈≈≈≈≈≈#...
≈≈≈≈≈≈≈≈≈≈≈≈≈≈≈≈....
≈≈≈≈≈≈≈≈≈≈≈≈≈≈≈≈≈#
#......≈≈≈.≈≈≈≈≈@#
#######.≈≈≈....≈K#
##≈######### #≈# #≈#
#≈# #≈# #≈# #≈#


You could see a kobold brigand.

Vanquished Creatures
  A gnoll (D:1)
  3 adders
  2 river rats
  3 worms
  A dart slug (D:1)
  4 ball pythons
  5 bats
  5 endoplasms
  A giant cockroach (D:1)
  6 hobgoblins
  6 jackals
  2 kobolds
  A quokka (D:2)
  3 frilled lizards
  3 goblins
  11 rats
57 creatures vanquished.

Notes
Turn   | Place    | Note
-------+----------+-------------------------------------------
     0 | D:1      | ytrimaz the Formicid Fighter began the quest for the Orb.
     0 | D:1      | Reached XP level 1. HP: 18/18 MP: 1/1
   318 | D:1      | You fall into a shaft and drop 1 floor!
   378 | D:2      | Reached XP level 2. HP: 24/24 MP: 2/2
   644 | D:1      | Found a faded altar of an unknown god.
   837 | D:1      | Reached XP level 3. HP: 21/30 MP: 3/3
  1755 | D:2      | Reached XP level 4. HP: 36/37 MP: 4/4
  2649 | D:3      | Found a shadowy altar of Dithmenos.
  2665 | D:3      | Found Xuuru's Jewellery Shoppe.
  2763 | D:3      | Found a glowing drain.
  2766 | D:3      | Reached XP level 5. HP: 37/42 MP: 5/5
  2892 | Sewer    | Entered a sewer
  2962 | Sewer    | Noticed a kobold brigand
  2983 | Sewer    | HP: 1/42 [kobold brigand (5)]
  2984 | Sewer    | Slain by a kobold brigand

Illustrated notes

Levels and vault maps discovered:
D:1:      dpeg_arrival_castle, layout_basic, basic_ecumenical_altar
D:2:      layout_loops_corners, serial_park_tiny_pond
D:3:      minmay_evil_eye, layout_basic, overflow_temple_1_default,
          serial_shops, nicolae_shop_behind_doors, gup_sewer_entry_bubbles,
          minmay_pentangle
Sewer:    sewer_kobolds

Skill      XL: |  1  2  3  4  5 |
---------------+----------------+-----
Shields        | 4 |  4.3
Axes           | 3 |  3.4
Armour         | 4 |  4.2
Fighting       | 4 |  4.0

Action                   |  1- 3 |  4- 6 || total
-------------------------+-------+-------++-------
Melee: War axe           |    79 |    86 ||   165
 Abil: Dig               |     1 |     3 ||     4
  Use: Scroll            |     5 |     4 ||     9
       Potion            |       |     2 ||     2
Armor: Scale mail        |    47 |    46 ||    93
Dodge: Dodged            |    43 |    61 ||   104
Block: Buckler           |    29 |    28 ||    57

Table legend: (Time is in decaauts)
 A = Elapsed time spent in this place.
 B = Non-inter-level travel time spent in this place.
 C = Inter-level travel time spent in this place.
 D = Time resting spent in this place.
 E = Time spent auto-exploring this place.
 F = Levels seen in this place.
 G = Mean time per level.
                   A        B        C        D        E       F      G
               +--------+--------+--------+--------+--------+-----+--------+
         Total |   3069 |   3003 |     66 |    361 |   2000 |   4 |  767.2 |
       Dungeon |   2953 |   2887 |     66 |    346 |   1962 |   3 |  984.3 |
         Sewer |    115 |    115 |      0 |     15 |     38 |   1 |  115.0 |
               +--------+--------+--------+--------+--------+-----+--------+

Top non-repeatable levels by time:
     D:2: 1401 daAuts
     D:1: 1297 daAuts
     D:3: 255 daAuts
   Sewer: 115 daAuts
